 Dungeon Crawl Stone Soup version 0.23.2-33-g5129a83184 (webtiles) character file.

Game seed: 9125217871018114583

126 Felnil the Skirmisher (level 4, 0/35 HPs)
             Began as a Mummy Fighter on Aug 9, 2019.
             Slain by a gnoll
             ... wielding a +0 halberd
              (3 damage)
             ... on level 3 of the Dungeon.
             The game lasted 00:07:34 (2082 turns).

Felnil the Skirmisher (Mummy Fighter)               Turns: 2082, Time: 00:07:36

Health: 0/35       AC: 12    Str: 20    XL:     4   Next: 84%
Magic:  4/4        EV:  3    Int:  7    God:
Gold:   218        SH:  0    Dex: 11    Spells: 3/3 levels left

rFire    x . .     SeeInvis .   a - +0 rapier
rCold    + . .     Gourm    .   c - +0 shield
rNeg     + + +     Faith    .   i - +1 plate armour
rPois    ∞         Spirit   .   (no helmet)
rElec    .         Reflect  .   (no cloak)
rCorr    .         Harm     .   (no gloves)
MR       .....                  (no boots)
Stlth    ..........             d - amulet of regeneration
HPRegen  0.51/turn              (no ring)
MPRegen  0.09/turn              (no ring)

@: confused
A: no food or potions, fire vulnerability, cold resistance 1, negative energy
resistance 3, torment resistance, unbreathing
a: no special abilities


You were on level 3 of the Dungeon.
You were not hungry.

You visited 1 branch of the dungeon, and saw 3 of its levels.

You collected 218 gold pieces.

Inventory:

Hand Weapons
 a - a +0 rapier (weapon)
Armour
 c - a +0 shield (worn)
 i - a +1 plate armour (worn)
Jewellery
 d - an amulet of regeneration (around neck)
Scrolls
 b - a scroll of remove curse
 e - 2 scrolls of blinking
 f - 4 scrolls of identify
 g - a scroll of fear


   Skills:
 + Level 3.3 Fighting
 + Level 2.8 Short Blades
 + Level 3.0 Armour
 + Level 3.1 Shields


You had 3 spell levels left.
You didn't know any spells.
Your spell library was empty.

Dungeon Overview and Level Annotations

Branches:
Dungeon (3/15)

Altars:

Annotations:
D:3 1 runed translucent door, Skippwaahh's ghost, amateur MfEn


Innate Abilities, Weirdness & Mutations

You do not eat or drink.
Your flesh is vulnerable to fire.
You are immune to poison.
Your flesh is cold resistant. (rC+)
You are immune to negative energy. (rN+++)
You are immune to unholy pain and torment.
You can survive without breathing.


Message History

You are no longer glowing.
The gnoll throws a stone.
The stone hits you but does no damage.
Skippwaahh's ghost gestures at you while chanting.
You resist with some effort.
The gnoll throws a tomahawk.
The tomahawk hits you but does no damage.
You see here a tomahawk.
Skippwaahh's ghost casts a spell at you.
You are more confused.
The gnoll throws a tomahawk.
The tomahawk hits you but does no damage.
You see here a tomahawk.
The gnoll hits you but does no damage.
The gnoll hits you from afar with a +0 spear!
* * * LOW HITPOINT WARNING * * *
Skippwaahh's ghost barely misses you. The gnoll hits you with a +0 halberd.
* * * LOW HITPOINT WARNING * * *
A gnoll comes into view. It is wielding a +0 spear.
The gnoll shouts!
The gnoll hits you from afar with a +0 halberd.
You die...

#...............########)††.
#........######.......#.).)#
#..###..####..!#...........
#.......##............#...
##...#^...............).##
###..###................#
#...##.............##.#
###((..............# ..
#.gW.@................
#.#...#######.........
#.gg..## ..##.....#
##.#...## ##. ......
#.##...# .#.........
#.###..##....#.. ... #.#
#........ ...
###(###g.......
##..(....#.......


You could see Skippwaahh's ghost and 4 gnolls.

Vanquished Creatures
  5 adders (D:3)
  3 dart slugs
  A leopard gecko (D:3)
  2 orcs (D:3)
  A ball python (D:3)
  9 bats
  5 giant cockroaches
  9 goblins
  10 hobgoblins
  4 jackals (D:3)
  A quokka (D:2)
  7 frilled lizards
  7 kobolds
  5 rats
69 creatures vanquished.

Notes
Turn   | Place    | Note
-------+----------+-------------------------------------------
     0 | D:1      | Felnil the Mummy Fighter began the quest for the Orb.
     0 | D:1      | Reached XP level 1. HP: 18/18 MP: 1/1
   136 | D:1      | Reached XP level 2. HP: 24/24 MP: 2/2
   758 | D:2      | Reached XP level 3. HP: 29/29 MP: 3/3
  1023 | D:2      | Found a faded altar of an unknown god.
  1648 | D:3      | Found a runed translucent door.
  1671 | D:3      | Reached XP level 4. HP: 35/35 MP: 4/4
  1704 | D:3      | Noticed Skippwaahh's ghost (amateur MfEn)
  1747 | D:3      | Found a runed translucent door.
  2082 | D:3      | Slain by a gnoll

Skill      XL: |  1  2  3  4 |
---------------+-------------+-----
Short Blades   | 2 |  2.8
Shields        | 3 |  3.1
Armour         | 3 |  3.0
Fighting       | |  3.3

Action                   |  1- 3 |  4- 6 || total
-------------------------+-------+-------++-------
Melee: Rapier            |   168 |   137 ||   305
  Use: Scroll            |       |     9 ||     9
Armor: Scale mail        |    32 |       ||    32
       Plate armour      |    66 |   127 ||   193
Dodge: Dodged            |    37 |    32 ||    69
Block: Shield            |    86 |    83 ||   169
